 Dungeon Crawl Stone Soup version 0.31.0-12-g77e489cdc1 (webtiles) character file.

Game seed: 9928706174135979941

17060 cdecastro the Fighter (level 12, -64/113 HPs)
             Began as a Purple Draconian Shapeshifter on Mar 2, 2024.
             Was a High Priest of Wu Jian.
             Annihilated by a titanic slime creature (66 damage)
             ... on level 12 of the Dungeon.
             The game lasted 00:29:22 (14779 turns).

cdecastro the Fighter (DrSh)                       Turns: 14779, Time: 00:29:23

Health: -64/113    AC: 14    Str: 18    XL:     12   Next: 15%
Magic:  12/12      EV: 16    Int: 11    God:    Wu Jian [*****.]
Gold:   820        SH:  0    Dex: 20    Spells: 11/11 levels left

rFire   . .          .
                       - Unarmed
rCold   . . .        (shield currently unavailable)
rNeg    . . .        (body armour unavailable)
rPois   .            (helmet restricted)
rElec   .            o - +0 cloak
rCorr   .            k - +0 pair of gloves
SInv    .            (no boots)
Will    +....        (no amulet)
Stlth   +            y - +6 ring of dexterity
HPRegen 0.38/turn    D - +4 ring of protection
MPRegen 0.13/turn

%: no passive effects
@: flux-form, silenced, glowing
A: glow, contaminating, breathe power, AC +8, unfitting armour, cold-blooded
a: Breathe Dispelling Energy, Begin Untransformation, Renounce Religion, Wall
Jump


You were on level 12 of the Dungeon.
You worshipped Wu Jian.
Wu Jian was extremely pleased with you.
You were something dangerously unstable.
You visited 2 branches of the dungeon, and saw 13 of its levels.

You collected 820 gold pieces.

Inventory:

Armour
 k - a +0 pair of gloves (worn)
 o - a +0 cloak (worn)
 F - a +0 pair of boots
Jewellery
 h - a ring of resist corrosion
 i - a +6 ring of strength
 j - a ring of magical power
 q - a ring of flight
 y - a +6 ring of dexterity (left hand)
 D - a +4 ring of protection (right hand)
Talismans
 b - a beast talisman
 c - a flux talisman (active)
 C - a serpent talisman
 H - a blade talisman
Wands
 a - a wand of mindburst (5)
 l - a wand of paralysis (16)
 n - a wand of flame (59)
 p - a wand of polymorph (5)
 t - a wand of digging (13)
Scrolls
 d - a scroll of revelation
 f - 2 scrolls of enchant weapon
 g - 2 scrolls of torment
 r - 2 scrolls of brand weapon
 u - 2 scrolls of immolation
 x - a scroll of silence
 z - a scroll of vulnerability {unknown}
 B - a scroll of fear {unknown}
 J - a scroll of noise {unknown}
Potions
 e - 2 potions of might
 m - 3 potions of heal wounds
 s - a potion of cancellation
 v - a potion of enlightenment
 w - 3 potions of curing
 A - a potion of attraction
 E - a potion of haste
 I - 2 potions of mutation {unknown}
 K - a potion of berserk rage {unknown}
Miscellaneous
 G - a lightning rod (4/4)


   Skills:
 - Level 12.4 Fighting
 - Level 1.7 Dodging
 - Level 10.5 Unarmed Combat
 * Level 6.7 Evocations
 + Level 11.2 Shapeshifting


You had 11 spell levels left.
You didn't know any spells.
Your spell library contained the following spells:

 Spells                   Type           Power      Damage    Failure   Level
 Foxfire                  Conj/Fire      0%         2x1d4     34%         1
 Kiss of Death            Conj/Necr      0%         2d5       34%         1
 Magic Dart               Conj           0%         1d3       34%         1
 Shock                    Conj/Air       0%         1d3       34%         1
 Blink                    Tloc           0%         N/A       47%         2
 Call Imp                 Summ           0%         N/A       47%         2
 Confusing Touch          Hex            0%         N/A       71%         3
 Swiftness                Air            0%         N/A       71%         3
 Airstrike                Air            0%         2d(0-16)  98%         4
 Animate Dead             Necr           0%         N/A       98%         4
 Dispel Undead            Necr           0%         3d6       98%         4
 Borgnjor's Vile Clutch   Necr/Erth      0%         N/A       100%        5
 Conjure Ball Lightning   Conj/Air       0%         3x3d6     100%        6
 Death Channel            Necr           0%         N/A       100%        6
 Plasma Beam              Fire/Air       0%         2x1d10    100%        6
 Starburst                Conj/Fire      0%         6d3       100%        6
 Haunt                    Necr/Summ      0%         N/A       100%        7
 Discord                  Hex            0%         N/A       100%        8
 Disjunction              Tloc           0%         N/A       100%        8
 Infestation              Necr           0%         N/A       100%        8


Dungeon Overview and Level Annotations

Branches:
Dungeon (12/15)            Temple (1/1) D:4            Lair (0/5) D:9
    Orc (0/2) D:9

Altars:
Ashenzari
Cheibriados
Dithmenos
Elyvilon
Fedhas
Gozag
Hepliaklqana
Kikubaaqudgha
Makhleb
Nemelex Xobeh
Okawaru
Qazlal
Ru
Sif Muna
Trog
Uskayaw
Vehumet
Wu Jian
Xom
Yredelemnul
Zin
The Shining One

Shops:
D:9 [

Annotations:
D:2 Sigmund
D:3 1 runed translucent door, Eustachio; LoggersVIII's ghost, weakling OpEE
D:6 1 runed translucent door, vault need dig, Crazy Yiuf


Innate Abilities, Weirdness & Mutations

You are something dangerously unstable.
You glow with magical radiation, making you easy to see and hit.
Foes you strike become dangerously contaminated with magical radiation.
You are incapable of wielding weapons or throwing items.
You can breathe bolts of dispelling energy.
Your rich purple scales are hard. (AC +8)
You cannot fit into any form of body armour.
You are cold-blooded and may be slowed by cold attacks.


Message History

The vampire mosquito draws strength from your injuries!
The vampire mosquito bites you!
* * * LOW HITPOINT WARNING * * *
The vampire mosquito draws strength from your injuries!
Unknown command.
Okay, then.
Unknown command.
As you read the scroll labelled BUPURORASA, it crumbles to dust.
It is a scroll of brand weapon.
You aren't carrying any weapons that can be branded.
The vampire mosquito closely misses you.
The vampire mosquito bites you.
* * * LOW HITPOINT WARNING * * *
The vampire mosquito draws strength from your injuries!
The very large slime creature hits you!!
* * * LOW HITPOINT WARNING * * *
The gargoyle hits you with a +0 mace.
* * * LOW HITPOINT WARNING * * *
Two slime creatures merge to form a titanic slime creature.
The vampire mosquito closely misses you.
The vampire mosquito misses you.
Unknown command.
As you read the scroll labelled TACAUSK CIUR, it crumbles to dust.
The creatures around you are filled with an inner flame!
It was a scroll of immolation.
The vampire mosquito misses you. The vampire mosquito bites you!
* * * LOW HITPOINT WARNING * * *
The vampire mosquito draws strength from your injuries!
The gargoyle hurls a stone arrow at you.
The stone arrow misses you. The vampire mosquito misses you.
The vampire mosquito barely misses you.
Unknown command.
Okay, then.
Unknown command.
As you read the scroll labelled ENWASO BEBBIJO, it crumbles to dust.
A profound silence engulfs you.
It was a scroll of silence.
The vampire mosquito closely misses you.
The vampire mosquito barely misses you. The titanic slime creature hits you!!!
Ouch! That really hurt!
You die...

**** #..## **,,**,,
**,,*
##########..###**,,*****
**,,,**
##########..####..## *
*,,,,,*
###########........#***
*,,,,,*
##########..###.....,,**
*,,,,,*
#########..###.,,...,,,,
*,,,,,**
########..####.,,,,.,,,,
.......#
#######9y######,,,,,,,,,
..J....#
######Jp#######,,,,,,,,,
#......#
#####.y########,,,,,,,,,
#.....J#
####.##########*,,,,,,,,
*#.J..J#
###.###########**,,,,,,,
#.....###..############
******,,
#....J##..#############
**,
##....#..##############
*****
#....#J.###############
****,*** ###....##
*,,,,,,,


You could see a titanic slime creature (inner flame), 2 vampire mosquitoes and a
gargoyle (inner flame, unsilenced, contam).

Vanquished Creatures
  Erica (D:11)
  4 two-headed ogres
  Nergalle (D:11)
  A glowing orange brain (D:11)
  A lindwurm (D:11)
  A manticore (D:11)
  A faun (D:11)
  3 ugly things
  A komodo dragon (D:9)
  A troll (shapeshifter) (D:11)
  4 shadows
  15 yaks
  A spriggan (shapeshifter) (D:11)
  A slime creature (D:12)
  A wraith (D:10)
  A basilisk (D:9)
  Grum (D:8)
  3 wyverns
  A golden eye (shapeshifter) (D:11)
  9 vampire mosquitoes
  A steam dragon (D:8)
  Menkaure (D:4)
  An acid dragon (D:12)
  2 black bears (D:5)
  3 orc warriors (D:9)
  An ice beast (D:11)
  A sky beast (D:7)
  A boggart (D:8)
  2 ogres
  7 centaurs
  3 wolves (D:8)
  3 phantoms
  2 kobold brigands
  5 bullfrogs
  A wyvern zombie (D:11)
  2 scorpions
  5 wights
  5 killer bees
  2 howler monkeys
  A bombardier beetle (D:4)
  5 hounds
  2 jellies
  9 orc priests
  Ijyb (D:3)
  3 gnoll boudas (D:11)
  2 iguanas
  2 sleepcaps
  Natasha (thrice) (D:2)
  10 orc wizards
  Robin (D:4)
  17 gnolls
  8 adders
  4 white imps
  4 ufetubi
  2 dart slugs
  2 ribbon worms
  32 orcs
  4 bats
  6 endoplasms
  3 giant cockroaches
  20 goblins
  13 hobgoblins
  3 jackals (D:2)
  4 quokkas
  6 ball pythons
  5 frilled lizards
  17 kobolds
  3 rats
292 creatures vanquished.

Notes
Turn   | Place    | Note
-------+----------+-------------------------------------------
     0 | D:1      | cdecastro the Draconian Shapeshifter began the quest for
                  | the Orb.
     0 | D:1      | Reached XP level 1. HP: 16/16 MP: 1/1
   269 | D:1      | Reached XP level 2. HP: 22/23 MP: 2/2
   346 | D:1      | Found a faded altar of an unknown god.
   430 | D:1      | Prayed at the altar of an unknown god.
   430 | D:1      | Became a worshipper of the Wu Jian Council
   430 | D:1      | Reached * piety under Wu Jian
  1058 | D:2      | Noticed Sigmund
  1123 | D:2      | Noticed Natasha
  1145 | D:2      | Killed Natasha
  1146 | D:2      | Reached XP level 3. HP: 5/28 MP: 3/3
  1500 | D:2      | Noticed Natasha
  1705 | D:2      | Reached XP level 4. HP: 35/35 MP: 4/4
  2033 | D:2      | Killed Natasha
  2068 | D:2      | Noticed Natasha
  2094 | D:2      | Killed Natasha
  2094 | D:2      | Reached ** piety under Wu Jian
  2255 | D:3      | Reached skill level 5 in Unarmed Combat
  2255 | D:3      | Reached XP level 5. HP: 38/40 MP: 5/5
  2337 | D:3      | Found a hide-covered altar of Uskayaw.
  2670 | D:3      | Found a runed translucent door.
  2670 | D:3      | Noticed LoggersVIII's ghost (weakling OpEE)
  2681 | D:3      | Noticed an ogre
  2711 | D:3      | Killed an ogre
  3066 | D:3      | Reached XP level 6. HP: 47/47 MP: 6/6
  3330 | D:4      | Noticed Ijyb
  3369 | D:3      | Killed Ijyb
  3532 | D:4      | Identified the +1 helmet of Springtime {rC+ Int+4}
  3532 | D:4      | Noticed Robin
  3654 | D:4      | Noticed Eustachio
  4076 | D:4      | HP: 2/47 [poisoned by Eustachio]
  4147 | D:4      | Killed Robin
  4181 | D:4      | Your scales start taking on a rich purple colour.
  4181 | D:4      | Reached XP level 7. HP: 33/52 MP: 7/7
  4441 | D:4      | Reached skill level 5 in Shapeshifting
  4541 | D:4      | Found a staircase to the Ecumenical Temple.
  4710 | D:4      | Noticed Menkaure
  4715 | D:4      | Killed Menkaure
  5068 | Temple   | Entered the Ecumenical Temple
  5112 | D:5      | Entered Level 5 of the Dungeon
  5164 | D:5      | Found a shadowy altar of Dithmenos.
  5210 | D:5      | Reached *** piety under Wu Jian
  5321 | D:5      | Reached XP level 8. HP: 55/59 MP: 8/8
  6358 | D:6      | Found a snail-covered altar of Cheibriados.
  6426 | D:6      | Identified the +8 dagger of Honour {vamp, rF+ Str+2 SInv}
  6526 | D:6      | Found a glowing silver altar of Zin.
  6958 | D:6      | Found a runed translucent door.
  6959 | D:6      | Noticed Crazy Yiuf
  7125 | D:7      | Reached skill level 10 in Unarmed Combat
  7362 | D:7      | Reached XP level 9. HP: 21/64 MP: 9/9
  7873 | D:7      | Reached **** piety under Wu Jian
  8349 | D:8      | Reached skill level 2 in Fighting
  8355 | D:8      | Reached skill level 3 in Fighting
  8358 | D:8      | Reached skill level 4 in Fighting
  8378 | D:8      | Reached skill level 5 in Fighting
  8485 | D:8      | Noticed Maggie
  8487 | D:8      | Maggie changed into Maggie the boggart
  8487 | D:8      | Noticed Maggie
  8502 | D:8      | Killed Maggie the boggart
  8794 | D:8      | Reached skill level 6 in Fighting
  9162 | D:8      | Reached XP level 10. HP: 76/84 MP: 10/10
  9388 | D:8      | Noticed Grum
  9394 | D:8      | Killed Grum
  9395 | D:8      | Reached skill level 7 in Fighting
  9810 | D:9      | Reached ***** piety under Wu Jian
  9825 | D:9      | Reached skill level 8 in Fighting
  9834 | D:9      | Found a staircase to the Orcish Mines.
  9836 | D:9      | Found Niwoikk's Armour Boutique.
 10478 | D:9      | Found Amiut's Alliterative Armaments.
 10672 | D:9      | Reached skill level 9 in Fighting
 10770 | D:9      | Found a staircase to the Lair.
 10793 | D:9      | Found a sacrificial altar of Ru.
 10793 | D:9      | Found a blossoming altar of Fedhas.
 11071 | D:10     | Entered Level 10 of the Dungeon
 11192 | D:10     | Found a glowing golden altar of the Shining One.
 11198 | D:10     | Noticed a two-headed ogre
 11207 | D:10     | Killed a two-headed ogre
 11208 | D:10     | Reached skill level 10 in Fighting
 11463 | D:10     | Reached XP level 11. HP: 84/101 MP: 11/11
 11636 | D:10     | Noticed a two-headed ogre
 11644 | D:10     | Killed a two-headed ogre
 11828 | D:10     | Reached skill level 11 in Fighting
 12182 | D:11     | Noticed Psyche
 12240 | D:11     | Noticed a two-headed ogre
 12240 | D:11     | Noticed a two-headed ogre
 12240 | D:11     | Noticed a cyan ugly thing
 12353 | D:11     | Noticed a sea snake
 12355 | D:11     | Noticed a sea snake
 12379 | D:11     | Noticed Nergalle
 12391 | D:11     | Killed Nergalle
 12392 | D:11     | Reached skill level 10 in Shapeshifting
 12479 | D:11     | Psyche changed into Psyche the ice beast
 12479 | D:11     | Noticed Psyche
 12480 | D:11     | Noticed a two-headed ogre
 12492 | D:11     | Killed Psyche the ice beast
 12497 | D:11     | Killed a two-headed ogre
 12635 | D:11     | Noticed Erica
 12647 | D:11     | Killed Erica
 12648 | D:11     | Reached skill level 12 in Fighting
 12880 | D:11     | Killed a two-headed ogre
 13059 | D:11     | Noticed a white ugly thing
 13092 | D:11     | Killed a cyan ugly thing
 13093 | D:11     | Reached skill level 1 in Evocations
 13200 | D:11     | a two-headed ogre changed into a lindwurm
 13200 | D:11     | Noticed a lindwurm
 13208 | D:11     | Killed a lindwurm
 13415 | D:11     | Noticed a sea snake
 13443 | D:11     | Noticed a two-headed ogre
 13444 | D:11     | Noticed a two-headed ogre
 13547 | D:11     | Noticed a purple ugly thing
 13558 | D:10     | Killed a white ugly thing
 13748 | D:11     | a two-headed ogre changed into a faun
 13778 | D:11     | a two-headed ogre changed into a glowing orange brain
 13778 | D:11     | Noticed a glowing orange brain
 13786 | D:11     | Killed a glowing orange brain
 13787 | D:11     | Reached skill level 5 in Evocations
 13909 | D:11     | Reached XP level 12. HP: 105/113 MP: 12/12
 14203 | D:11     | Noticed an ogre mage
 14778 | D:12     | HP: 1/113 [vampire mosquito (7)]
 14779 | D:12     | Annihilated by a titanic slime creature

Illustrated notes

Levels and vault maps discovered:
D:1:      dpeg_arrival_rooms_b, layout_loops_corners,
          shapermc_ecumenical_altar_flowoftime, minmay_heptomino_w4
D:2:      wad_lake_hut, layout_basic, uniq_natasha, uniq_sigmund
D:3:      layout_basic, eat_drink_and_be_merry_uskayaw,
          hellmonk_ghost_happy_afterlife
D:4:      layout_rooms, minmay_temple_entry_slanted, hangedman_decor_points,
          interstate_on_off, grunt_ministairs_1, uniq_robin, uniq_eustachio,
          uniq_menkaure, uniq_ijyb
D:5:      layout_basic, mainiacjoe_overflow_cross_hatched
D:6:      layout_basic, cheibriados_altar_1, zin_treasury,
          uniq_crazy_yiuf_cottage
D:7:      layout_rooms, enter_bailey_3
D:8:      layout_basic, uniq_maggie, uniq_grum
D:9:      layout_basic, gammafunk_temple_overflow_elements, david_lair_shrubbed,
          orc_david_3, monkooky_shop_alliterative
D:10:     layout_loops_ring, lemuel_tele_altar
D:11:     regret_index_malice_mire, layout_loops_cross, serial_aquarium,
          aquarium_bridge_square [aquarium_subvault_bridge,
          aquarium_subvault_window, aquarium_subvault_bridge,
          aquarium_subvault_bridge], aquarium_bridge_island_small
          [aquarium_subvault_small_open, aquarium_subvault_window,
          aquarium_subvault_wall, aquarium_subvault_wall,
          aquarium_subvault_bridge], aquarium_window_corridor_1,
          aquarium_window_2, aquarium_view_2c, aquarium_view_2c, uniq_erica,
          uniq_nergalle, uniq_psyche
D:12:     kennysheep_green_arena, layout_cave_pods, serial_shops, shop_statue
Temple:   nicolae_temple_superstar

Skill      XL: |  1  2  3  4  5  6  7  8  9 10 11 12 |
---------------+-------------------------------------+-----
Unarmed Combat | 4 5 6 8 10 | 10.5
Shapeshifting  | 4 5 7 8 9 11 | 11.2
Fighting       | 6 10 12 | 12.4
Evocations     | 5 6 |  6.7
Dodging        | |  1.7

Action                     |  1- 3 |  4- 6 |  7- 9 | 10-12 || total
---------------------------+-------+-------+-------+-------++-------
  Melee: Unarmed           |   103 |   199 |   289 |   492 ||  1083
         Tailslap          |    12 |    17 |    59 |   108 ||   196
         Punch             |       |     6 |    12 |       ||    18
Ability: Lunge             |     6 |    11 |    25 |    30 ||    72
         Whirlwind         |     3 |     3 |    10 |    19 ||    35
         Wall Jump         |       |       |       |     1 ||     1
  Evoke: Wand              |       |       |    14 |    23 ||    37
    Use: Potion            |       |     2 |     2 |     1 ||     5
         Scroll            |       |       |     8 |     9 ||    17
   Stab: Sleeping          |     2 |     2 |     1 |       ||     5
 Armour: Skin              |    53 |   150 |   151 |   252 ||   606
  Dodge: Dodged            |    43 |   117 |   116 |   310 ||   586
   Form: Flux              |       |       |     1 |       ||     1
